AoeStats
← hkfatih

Arena

505305456Analyzed
1v1 RM · 23d ago on Sep 8, 2026· 31m 23s· 2 players
Game mode
Random Map
Map size
Tiny (2 player)
Population
200
Speed
Normal
Resources
Standard
Victory
Conquest
Starting age
Dark Age
Ending age
Imperial Age
RankedLock teamsTeams togetherTeam positionsShared explorationLock speedFull tech treeHidden civsTurbo modeCheats
Victory
Defeat
🇳🇮 Turks · Nicaragua
1281
+16
🇫🇷 Turks · France
1288
-16
uloska
11:29 Feudal Age
13:12 Double-Bit Axe
13:20 Gold Mining
16:07 Castle Age
14:47 Gold Mining
21:17 Imperial Age
20:31 Loom
22:38 Padded Archer Armor
27:02 Leather Archer Armor
hkfatih
11:33 Feudal Age
13:20 Double-Bit Axe
15:43 Castle Age
14:03 Gold Mining
15:00 Loom
20:47 Imperial Age
19:42 Padded Archer Armor
29:30 Scale Barding Armor
Connection lost

Rejoining the realm…

Still unreachable

The connection could not be restored.

Session expired

The server has moved on; the page needs a fresh start.